[Event "TePe Sigeman Chess Tournament 2026"]
[Site "Elite Plaza Hotel, Gustav Adolfs Torg 49, Malmo, Sweden"]
[Date "2026.05.01"]
[Round "1.1"]
[White "Woodward, Andy"]
[Black "Grandelius, Nils"]
[Result "1-0"]
[TimeControl "90 minutes for 40 moves + 30 minutes for the rest of the game + 30 seconds per move from move one."]
[WhiteTitle "GM"]
[BlackTitle "GM"]
[WhiteFideId "30953499"]
[BlackFideId "1710400"]
[WhiteElo "2635"]
[BlackElo "2662"]

1. d4 d5 2. c4 e6 3. Nf3 Nf6 4. Nc3 h6 5. g3 Be7 6. Bg2 O-O 7. O-O dxc4 8. Ne5 Nc6 9. Bxc6 bxc6 10.
Nxc6 Qe8 11. Nxe7+ Qxe7 12. Be3 a5 13. f3 Rd8 14. Qc1 e5 15. dxe5 Qxe5 16. Bf4 Qc5+ 17. Qe3 Qxe3+ 18. Bxe3 Nd5 19.
Rfd1 Be6 20. Bd4 f6 21. g4 Kf7 22. Nxd5 Rxd5 23. Bc3 Rxd1+ 24. Rxd1 a4 25. a3 Ke7 26. Kf2 Rd8 27. Bb4+ Ke8 28.
Rxd8+ Kxd8 29. Bf8 g5 30. Bxh6 Ke7 31. Kg3 c3 32. bxc3 Bc4 33. e4 Be2 34. e5 fxe5 35. Bxg5+ Ke6 36.
Kf2 Bd1 37. Ke3 c6 38. h4 Kd5 39. h5 Ke6 40. Bh4 Bc2 41. Bg3 Kf6 42. c4 Bb3 43. h6 Bc2 44. Bxe5+ Kxe5 45. f4+ Kf6 46.
f5 1-0

[Event "TePe Sigeman Chess Tournament 2026"]
[Site "Elite Plaza Hotel, Gustav Adolfs Torg 49, Malmo, Sweden"]
[Date "2026.05.01"]
[Round "1.2"]
[White "Zhu, Jiner"]
[Black "Abdusattorov, Nodirbek"]
[Result "0-1"]
[TimeControl "90 minutes for 40 moves + 30 minutes for the rest of the game + 30 seconds per move from move one."]
[WhiteTitle "GM"]
[BlackTitle "GM"]
[WhiteFideId "8608059"]
[BlackFideId "14204118"]
[WhiteElo "2546"]
[BlackElo "2780"]

1. e4 c6 2. d4 d5 3. e5 Bf5 4. Nd2 e6 5. Nb3 Ne7 6.
Nf3 Nd7 7. Be2 h6 8. O-O a5 9. a4 Bg6 10. Bd2 Nf5 11. Rc1 Bb4 12. Qe1 Bxd2 13. Qxd2 O-O 14. Bd3 Qb6 15. Rfe1 Rfc8 16.
Ra1 Ne7 17. Bxg6 Nxg6 18. Ra3 c5 19. dxc5 Nxc5 20. Nxc5 Rxc5 21. Rc3 Rxc3 22. Qxc3 Ne7 23. Nd4 Rc8 24. Qd2 Qxb2 25. h3 Qb4 26.
Qxb4 axb4 27. a5 Rc4 28. Rd1 Ng6 29. Nf3 Rxc2 30. Rb1 Rc4 31. Nd2 Rc5 32. Rxb4 Nxe5 33. Nb3 Rc7 34. Rb5 Nc4 35.
Kf1 Kf8 36. Ke2 Ke7 37. f4 Nd6 38. Rb4 Rc4 0-1

[Event "TePe Sigeman Chess Tournament 2026"]
[Site "Elite Plaza Hotel, Gustav Adolfs Torg 49, Malmo, Sweden"]
[Date "2026.05.01"]
[Round "1.3"]
[White "Carlsen, Magnus"]
[Black "Erigaisi, Arjun"]
[Result "1/2-1/2"]
[TimeControl "90 minutes for 40 moves + 30 minutes for the rest of the game + 30 seconds per move from move one."]
[WhiteTitle "GM"]
[BlackTitle "GM"]
[WhiteFideId "1503014"]
[BlackFideId "35009192"]
[WhiteElo "2840"]
[BlackElo "2751"]

1. e4 e5 2. Nf3 Nf6 3. Nxe5 d6 4. Nd3 Nxe4 5. Qe2 Qe7 6. Nf4 Nf6 7. Nc3 c6 8. d4 Qxe2+ 9. Bxe2 Bf5 10.
Bd3 Bxd3 11. Nxd3 Na6 12. f3 Kd7 13. Kf2 g6 14. a4 Bg7 15. Bd2 h5 16. Ne2 Bh6 17. Bxh6 Rxh6 18. b4 Nc7 19.
b5 Rhh8 20. c4 Ne6 21. Rab1 c5 22. d5 Ng7 23. a5 Rae8 24. a6 b6 25. Nc3 Nf5 26. Rhe1 Nd4 27. h4 Nc2 28. Rxe8 Rxe8 29.
Rc1 Ne3 30. Nd1 Nf5 31. g3 Kd8 32. Nc3 Ne3 33. Nd1 Nf5 34. Nc3 Ne3 35. Nb2 Nf5 36. Nd3 1/2-1/2

[Event "TePe Sigeman Chess Tournament 2026"]
[Site "Elite Plaza Hotel, Gustav Adolfs Torg 49, Malmo, Sweden"]
[Date "2026.05.01"]
[Round "1.4"]
[White "Van Foreest, Jorden"]
[Black "Erdogmus, Yagiz Kaan"]
[Result "1/2-1/2"]
[TimeControl "90 minutes for 40 moves + 30 minutes for the rest of the game + 30 seconds per move from move one."]
[WhiteTitle "GM"]
[BlackTitle "GM"]
[WhiteFideId "1039784"]
[BlackFideId "44599790"]
[WhiteElo "2735"]
[BlackElo "2708"]

1. d4 Nf6 2. c4 e6 3. Nf3 d5 4. g3 Be7 5. Bg2 O-O 6. O-O dxc4 7. Qc2 a6 8. a4 b6 9. Ne5 Ra7 10.
Rd1 Bb7 11. e4 Nc6 12. Nxc6 Bxc6 13. Nc3 Ba8 14. Be3 Qc8 15. Qe2 c5 16. d5 exd5 17. exd5 Rd8 18. Qxc4 h6 19. Bf4 Bf8 20.
Re1 b5 21. axb5 axb5 22. Qxb5 Rxa1 23. Rxa1 Nxd5 24. Rxa8 Qxa8 25. Bxd5 Rxd5 26. Nxd5 Qxd5 27. b3 Qd1+ 28. Kg2 Qd5+ 29.
Kg1 Qd1+ 30. Kg2 Qd5+ 1/2-1/2

[Event "TePe Sigeman Chess Tournament 2026"]
[Site "Elite Plaza Hotel, Gustav Adolfs Torg 49, Malmo, Sweden"]
[Date "2026.05.02"]
[Round "2.1"]
[White "Erdogmus, Yagiz Kaan"]
[Black "Erigaisi, Arjun"]
[Result "1/2-1/2"]
[TimeControl "90 minutes for 40 moves + 30 minutes for the rest of the game + 30 seconds per move from move one."]
[WhiteTitle "GM"]
[BlackTitle "GM"]
[WhiteFideId "44599790"]
[BlackFideId "35009192"]
[WhiteElo "2708"]
[BlackElo "2751"]

1. e4 e5 2. Nf3 Nc6 3. Bb5 a6 4.
Ba4 Nf6 5. O-O Be7 6. d3 b5 7. Bb3 d6 8. c3 O-O 9. Nbd2 Na5 10. Bc2 c5 11. d4 cxd4 12. cxd4 Qc7 13. d5 Bg4 14.
h3 Bh5 15. Re1 Rfc8 16. Bb1 Bd8 17. g4 Bg6 18. Nf1 Nb7 19. Ng3 Nc5 20. Kg2 Rab8 21. Qe2 Qa5 22. Nd2 Nfd7 23. Rh1 Bh4 24.
Qe3 h6 25. Nf3 Bxg3 26. Kxg3 Nf6 27. Nd2 Rb7 28. f3 Rbc7 29. Rd1 Nfd7 30. b3 Qb6 31. Kf2 a5 32. Bb2 Qa7 33. Rc1 f6 34.
a3 Ra8 35. Bc2 Bf7 36. b4 axb4 37. axb4 Na6 38. Bd3 Qb8 39. Rxc7 Nxc7 40. Nb3 Ra4 41. Qe1 Nf8 42. Na5 Be8 43.
Bc2 Rxa1 44. Bxa1 Ng6 45. Bc3 Nf4 46. h4 Qc8 47. Bd2 h5 48. Bxf4 exf4 49. Nc6 Bxc6 50. dxc6 hxg4 51. Qd2 Qe6 52. Qxf4 Qc4 53. Qd2 gxf3 54.
Kxf3 Qxc6 55. Bb3+ Kf8 56. h5 Ke7 57. Kf4 Ne6+ 58. Bxe6 Kxe6 59. Qa2+ Qc4 60. Qxc4+ bxc4 61. b5 d5 62. b6 c3 63. Ke3 d4+ 64. Kxd4 c2 65. b7 c1=Q 66. b8=Q Qd1+ 67.
Ke3 Qxh5 68. Qg8+ Qf7 69. Qc8+ Qd7 70. Qg8+ Kd6 71. Qf8+ Kc6 72. Qa8+ Kc7 73. Qa5+ Kd6 74. e5+ fxe5 75.
Qb4+ Kc6 76. Qa4+ Kc7 77. Qa5+ Kd6 78. Qb4+ 1/2-1/2

[Event "TePe Sigeman Chess Tournament 2026"]
[Site "Elite Plaza Hotel, Gustav Adolfs Torg 49, Malmo, Sweden"]
[Date "2026.05.02"]
[Round "2.2"]
[White "Abdusattorov, Nodirbek"]
[Black "Woodward, Andy"]
[Result "1/2-1/2"]
[TimeControl "90 minutes for 40 moves + 30 minutes for the rest of the game + 30 seconds per move from move one."]
[WhiteTitle "GM"]
[BlackTitle "GM"]
[WhiteFideId "14204118"]
[BlackFideId "30953499"]
[WhiteElo "2780"]
[BlackElo "2635"]

1. d4 Nf6 2. c4 e6 3. Nf3 d5 4. Nc3 Bb4 5. Qa4+ Nc6 6. e3 O-O 7. Qc2 Re8 8. Bd2 Bf8 9. Be2 Nb4 10.
Qb1 dxc4 11. Bxc4 b6 12. a3 Ba6 13. Be2 Bxe2 14. Nxe2 Nbd5 15. e4 Ne7 16. e5 Nd7 17. Ng5 Ng6 18.
h4 Be7 19. f4 Bxg5 20. hxg5 c5 21. Be3 Rc8 22. Kf2 cxd4 23. Nxd4 Nc5 24. b4 Na4 25. Ne2 Rc4 26. Qb3 b5 27.
Rac1 Nb6 28. Rhd1 Qa8 29. Bxb6 axb6 30. Qf3 Qa4 31. Rd2 Rxc1 32. Nxc1 Ne7 33. Ne2 Nd5 34. f5 Qa7 35. f6 Qc7 36.
Qe4 Rc8 37. Rd1 Qb8 38. Rh1 h6 39. fxg7 Rc4 40. Nd4 Nc3 41. Qf4 Nd5 42. Qe4 Nc3 43. Qe3 Nd5 44. Qd3 Kxg7 45. gxh6+ Kh8 46.
Qg3 Qf8 47. Rh4 Rc3 48. Qg5 Rxa3 49. Rg4 Ra8 50. Kg1 Qg8 51. Qh4 Qh7 52. Rg7 Qd3 53. Nf3 Rg8 54. Qg4 Qe3+ 55. Kf1 Qd3+ 56.
Kf2 Rc8 57. Qg5 Ne3 58. Kg1 Nd5 59. Kh2 Qe4 60. Rxf7 Rg8 61. Rg7 Qf4+ 62. Qxf4 Nxf4 63. Rxg8+ Kxg8 64. g4 Nd3 65. Kg3 Kh7 66.
g5 Nxb4 67. Kf4 Nd3+ 68. Ke3 Nc5 69. Kd4 b4 70. Kc4 b3 71. Kc3 b5 72. Nd2 Nd7 73. Nf3 Nc5 74. Ne1 Ne4+ 75. Kxb3 Nxg5 76. Kb4 Nf7 77. Nd3 Nxe5 78. Nxe5 Kxh6 79. Kxb5 1/2-1/2

[Event "TePe Sigeman Chess Tournament 2026"]
[Site "Elite Plaza Hotel, Gustav Adolfs Torg 49, Malmo, Sweden"]
[Date "2026.05.02"]
[Round "2.3"]
[White "Grandelius, Nils"]
[Black "Carlsen, Magnus"]
[Result "0-1"]
[TimeControl "90 minutes for 40 moves + 30 minutes for the rest of the game + 30 seconds per move from move one."]
[WhiteTitle "GM"]
[BlackTitle "GM"]
[WhiteFideId "1710400"]
[BlackFideId "1503014"]
[WhiteElo "2662"]
[BlackElo "2840"]

1. d4 Nf6 2. c4 e6 3. Nc3 c5 4. d5 exd5 5. cxd5 d6 6. e4 g6 7. Be2 Bg7 8. Be3 O-O 9. Nf3 Bg4 10.
Nd2 Bxe2 11. Qxe2 Nbd7 12. O-O Ne8 13. f4 f5 14. exf5 gxf5 15. Bf2 Nc7 16. Nf3 Nf6 17. Qd3 b5 18. Nxb5 Nxb5 19. Qxb5 Rb8 20. Qd3 Ne4 21. Rab1 Qa5 22.
Ng5 Qd2 23. Qh3 Nxg5 24. fxg5 Rxb2 25. Rxb2 Qxb2 26. Qh5 Qxa2 27. g6 h6 28. Qf3 a5 29. h4 a4 30. Qf4 a3 31. Qxd6 Qb2 32.
Bxc5 a2 33. Qe6+ Kh8 34. Kh2 Qe5+ 35. Qxe5 Bxe5+ 36. Kh3 Rd8 0-1

[Event "TePe Sigeman Chess Tournament 2026"]
[Site "Elite Plaza Hotel, Gustav Adolfs Torg 49, Malmo, Sweden"]
[Date "2026.05.02"]
[Round "2.4"]
[White "Van Foreest, Jorden"]
[Black "Zhu, Jiner"]
[Result "1/2-1/2"]
[TimeControl "90 minutes for 40 moves + 30 minutes for the rest of the game + 30 seconds per move from move one."]
[WhiteTitle "GM"]
[BlackTitle "GM"]
[WhiteFideId "1039784"]
[BlackFideId "8608059"]
[WhiteElo "2735"]
[BlackElo "2546"]

1. d4 Nf6 2. Nf3 d5 3. Bf4 c5 4. e3 Nc6 5. Nbd2 Nh5 6. dxc5 Nxf4 7. exf4 g6 8. c3 Bh6 9. g3 O-O 10.
Nb3 Bg7 11. Bb5 Bh3 12. Ng5 Bf5 13. h4 d4 14. Bxc6 bxc6 15. Nxd4 Qd5 16. O-O Qxc5 17. Nxf5 Qxf5 18. Qe2 Rab8 19.
Rad1 Qb5 20. Rd2 Qxe2 21. Rxe2 h6 22. Nf3 Rfd8 23. Rfe1 e6 24. Rc2 Rd5 25. Re4 Kf8 26. Ra4 Rb7 27.
Nd2 Ke8 28. Nb3 Kd7 29. Ra6 Bf8 30. Kg2 c5 31. Ra4 Kc8 32. Re2 Bd6 33. Ree4 Kb8 34. Kf3 Rb6 35. Re2 a6 36. Na5 Bc7 37.
Nc4 Rc6 38. Ne3 Rd3 39. Re1 Rd2 40. Nc4 Rd5 41. Ke2 Ka7 42. Ne3 Rd8 43. h5 gxh5 44. Rh1 Rcd6 45. Kf3 Rd2 46. b3 Rb2 47.
Nc4 Rd3+ 48. Kg2 Re2 49. Kf1 Rc2 50. Rxh5 Rf3 51. Rh2 h5 52. Na3 Rb2 53. Nb5+ Kb6 54. Nxc7 Kxc7 55. Rxa6 Kb7 56.
Ra4 Rxc3 57. Rxh5 Rf3 58. Rh2 Rxg3 59. fxg3 Rxh2 60. g4 Kc6 61. g5 Kd5 62. Ra7 Ke4 63. Rxf7 Rxa2 64. g6 Kf3 65.
Ke1 Ke3 66. Kd1 Rg2 67. Rf6 Kd3 68. Ke1 Ke3 69. Kf1 Rg4 70. Rxe6+ Kxf4 71. Ke2 Kf5 72. Rc6 Rg3 73. Rb6 Ke4 74.
Kf2 Rg5 75. Ra6 Kf4 76. Ke2 Ke4 77. Rb6 Rg2+ 78. Kf1 Rg5 79. Kf2 Kf4 80. Ke2 Ke4 81. Ke1 Rg1+ 82. Kd2 Kd4 83. Ke2 Ke4 84.
Re6+ Kd5 85. Rf6 Ke5 86. Ra6 Ke4 87. Kf2 Rg5 88. Rb6 Kf4 89. Ke2 Ke4 90. Kd2 Kd4 91. Rd6+ Ke5 92. Rb6 Kd4 93.
Rd6+ Ke5 1/2-1/2

[Event "TePe Sigeman Chess Tournament 2026"]
[Site "Elite Plaza Hotel, Gustav Adolfs Torg 49, Malmo, Sweden"]
[Date "2026.05.03"]
[Round "3.1"]
[White "Erigaisi, Arjun"]
[Black "Grandelius, Nils"]
[Result "1-0"]
[TimeControl "90 minutes for 40 moves + 30 minutes for the rest of the game + 30 seconds per move from move one."]
[WhiteTitle "GM"]
[BlackTitle "GM"]
[WhiteFideId "35009192"]
[BlackFideId "1710400"]
[WhiteElo "2751"]
[BlackElo "2662"]

1. e4 c5 2. Nf3 d6 3. d4 cxd4 4. Nxd4 Nf6 5. Nc3 g6 6. Be3 Bg7 7. f3 Nc6 8. Qd2 O-O 9. O-O-O d5 10.
Nxc6 bxc6 11. Bc4 e6 12. Bb3 Bb7 13. h4 dxe4 14. Qf2 Qc7 15. Nxe4 Nxe4 16. fxe4 c5 17. Bxc5 Rfd8 18. Bxa7 Qe5 19.
c3 Qxe4 20. Rxd8+ Rxd8 21. Re1 Qxg2 22. Qxg2 Bxg2 23. a4 Ra8 24. Bb6 Bc6 25. a5 Bf6 26. h5 gxh5 27. Bc2 Bg5+ 28. Kb1 h4 29.
Be4 Bxe4+ 30. Rxe4 h3 31. Kc2 h2 32. Re1 Bf4 33. b4 e5 34. b5 e4 35. a6 e3 36. Kd3 e2 37. Rh1 Re8 38.
Bf2 Bc7 39. a7 Kg7 40. c4 Bb6 41. a8=Q e1=N+ 42. Rxe1 1-0

[Event "TePe Sigeman Chess Tournament 2026"]
[Site "Elite Plaza Hotel, Gustav Adolfs Torg 49, Malmo, Sweden"]
[Date "2026.05.03"]
[Round "3.2"]
[White "Woodward, Andy"]
[Black "Van Foreest, Jorden"]
[Result "1/2-1/2"]
[TimeControl "90 minutes for 40 moves + 30 minutes for the rest of the game + 30 seconds per move from move one."]
[WhiteTitle "GM"]
[BlackTitle "GM"]
[WhiteFideId "30953499"]
[BlackFideId "1039784"]
[WhiteElo "2635"]
[BlackElo "2735"]

1. d4 d6 2. e4 Nf6 3. Nc3 e5 4. Nf3 Nbd7 5. Rg1 c6 6. g4 g6 7. Be3 Be7 8. a3 h5 9. gxh5 Rxh5 10.
Rg5 Rxg5 11. Nxg5 exd4 12. Bxd4 Nh5 13. h4 Ne5 14. Be3 Ng4 15. Qf3 f6 16. Nh3 Nxe3 17. fxe3 Be6 18. Nf4 Nxf4 19.
exf4 Qa5 20. O-O-O Qh5 21. Qxh5 gxh5 22. Be2 Kd7 23. Bxh5 Rh8 24. Bf3 Rxh4 25. Ne2 Bc4 26. Kd2 Bf8 27.
Rh1 Rxh1 28. Bxh1 Bh6 29. Bg2 b5 30. b3 Bxe2 31. Kxe2 Bxf4 32. Kd3 Kc7 33. a4 a5 34. c4 bxa4 35.
bxa4 Kb6 36. Bh3 Kc5 37. Bd7 Be5 38. Be8 Bf4 39. Bd7 Be5 40. Be8 1/2-1/2

[Event "TePe Sigeman Chess Tournament 2026"]
[Site "Elite Plaza Hotel, Gustav Adolfs Torg 49, Malmo, Sweden"]
[Date "2026.05.03"]
[Round "3.3"]
[White "Carlsen, Magnus"]
[Black "Abdusattorov, Nodirbek"]
[Result "1/2-1/2"]
[TimeControl "90 minutes for 40 moves + 30 minutes for the rest of the game + 30 seconds per move from move one."]
[WhiteTitle "GM"]
[BlackTitle "GM"]
[WhiteFideId "1503014"]
[BlackFideId "14204118"]
[WhiteElo "2840"]
[BlackElo "2780"]

1. d4 d5 2. Nf3 Nf6 3. c4 c6 4. Qc2 g6 5. cxd5 cxd5 6. Nc3 Nc6 7. Bf4 Bg7 8. e3 O-O 9. Be2 a6 10.
h3 Bf5 11. Qb3 Na5 12. Qb4 Re8 13. O-O Bf8 14. Qa4 b5 15. Qd1 Nc4 16. b3 Na3 17. Bd3 Bxd3 18. Qxd3 e6 19. Rac1 Rc8 20.
Ne2 Qb6 21. Ne5 Qb7 22. f3 b4 23. Qd2 Nb5 24. Nd3 Nd7 25. Rxc8 Rxc8 26. Rc1 a5 27. Kf2 f6 28. g4 Be7 29.
h4 Rc6 30. g5 Qc8 31. Rxc6 Qxc6 32. gxf6 Bxf6 33. Bg5 Qc7 34. Kg2 Nd6 35. Ng3 Kf7 36. Qe2 Ke7 37. Ne5 Bxg5 38. hxg5 Nxe5 39.
dxe5 Nf5 40. Nxf5+ gxf5 41. f4 Qc1 42. Qa6 Qd2+ 43. Kf3 Qd1+ 44. Kf2 Qd2+ 1/2-1/2

[Event "TePe Sigeman Chess Tournament 2026"]
[Site "Elite Plaza Hotel, Gustav Adolfs Torg 49, Malmo, Sweden"]
[Date "2026.05.03"]
[Round "3.4"]
[White "Zhu, Jiner"]
[Black "Erdogmus, Yagiz Kaan"]
[Result "0-1"]
[TimeControl "90 minutes for 40 moves + 30 minutes for the rest of the game + 30 seconds per move from move one."]
[WhiteTitle "GM"]
[BlackTitle "GM"]
[WhiteFideId "8608059"]
[BlackFideId "44599790"]
[WhiteElo "2546"]
[BlackElo "2708"]

1. Nf3 d5 2. e3 Nf6 3. b3 Bg4 4. Bb2 Nbd7 5. Be2 c6 6. d3 e6 7. h3 Bh5 8. Nbd2 h6 9. c4 Bd6 10.
Nd4 Bg6 11. g4 O-O 12. Rg1 e5 13. Nf5 Bxf5 14. gxf5 Qe7 15. a3 a5 16. Qc2 Rfe8 17. Bf3 Nc5 18. e4 dxe4 19. dxe4 Rad8 20.
Be2 Kh7 21. Rg3 g6 22. Rf3 Ncd7 23. Nf1 Nh5 24. Ne3 Nf4 25. Bf1 Nf6 26. c5 Bxc5 27. Nc4 Bd4 28. O-O-O Bxb2+ 29. Kxb2 Rxd1 30.
Qxd1 gxf5 31. exf5 N6d5 32. Rg3 Qf6 33. Ka2 b5 34.
Ne3 0-1

[Event "TePe Sigeman Chess Tournament 2026"]
[Site "Elite Plaza Hotel, Gustav Adolfs Torg 49, Malmo, Sweden"]
[Date "2026.05.04"]
[Round "4.1"]
[White "Erdogmus, Yagiz Kaan"]
[Black "Grandelius, Nils"]
[Result "1-0"]
[TimeControl "90 minutes for 40 moves + 30 minutes for the rest of the game + 30 seconds per move from move one."]
[WhiteTitle "GM"]
[BlackTitle "GM"]
[WhiteFideId "44599790"]
[BlackFideId "1710400"]
[WhiteElo "2708"]
[BlackElo "2662"]

1. e4 e5 2. Nf3 Nc6 3. Bb5 Bc5 4. c3 Nf6 5. O-O O-O 6. d4 Bb6 7. Bg5 h6 8. Bh4 d6 9. a4 a5 10.
Qc1 Qe7 11. Re1 exd4 12. Bxc6 bxc6 13. cxd4 Qe6 14. Qxc6 Bd7 15. Qc2 g5 16. Bg3 Nh5 17. e5 Nxg3 18. hxg3 g4 19. exd6 Qg6 20.
Qxg6+ fxg6 21. Ne5 Bxd4 22. Nxd7 Rxf2 23. Re4 Rf4+ 24. Rxd4 Rxd4 25. Nc3 cxd6 26. Nd5 h5 27. Re1 Kh7 28. Nf4 Rc8 29. Kh2 Rc2 30. Re7+ Kh6 31. Nf6 Rd1 32.
Ne6 g5 33. Nf8 1-0

[Event "TePe Sigeman Chess Tournament 2026"]
[Site "Elite Plaza Hotel, Gustav Adolfs Torg 49, Malmo, Sweden"]
[Date "2026.05.04"]
[Round "4.2"]
[White "Abdusattorov, Nodirbek"]
[Black "Erigaisi, Arjun"]
[Result "1/2-1/2"]
[TimeControl "90 minutes for 40 moves + 30 minutes for the rest of the game + 30 seconds per move from move one."]
[WhiteTitle "GM"]
[BlackTitle "GM"]
[WhiteFideId "14204118"]
[BlackFideId "35009192"]
[WhiteElo "2780"]
[BlackElo "2751"]

1. c4 e6 2. Nc3 d5 3. d4 Be7 4. cxd5 exd5 5. Bf4 Nf6 6. e3 Bf5 7. Nge2 O-O 8. Rc1 Be6 9. Bg3 c6 10.
Nf4 Bf5 11. Bd3 Bxd3 12. Nxd3 Ne4 13. Qb3 Nxc3 14. Rxc3 Qb6 15. O-O Nd7 16. a4 Rfc8 17. Rfc1 Nf6 18. a5 Qa6 19. Bh4 h6 20.
Bxf6 Bxf6 21. Nc5 Qxa5 22. Nxb7 Qb6 23. Nc5 Be7 24. Nd3 Qxb3 25. Rxb3 Rc7 26. g3 Bd6 27. Nc5 Bxc5 28. Rxc5 Kf8 29.
Rbc3 Rac8 30. Ra5 Ke8 31. h4 Kd7 32. Rb3 Kd6 33. h5 Re7 34. Ra6 Rcc7 35. Rc3 Re8 36. Rca3 Rb8 37. Rxa7 Rxb2 38.
Ra8 Ke7 39. Rg8 Kf6 40. Rc3 Rb5 41. Ra3 Rb2 42. Kg2 Rc2 43. Ra6 Rb7 44. Rc8 Kg5 45. Raxc6 Rxc6 46. Rxc6 Kxh5 47. Rd6 Rb5 48.
Kh3 f6 49. g4+ Kg6 50. Rd7 Kh7 51. Kg3 Kg8 52. Kf4 g6 53. Kg3 Ra5 54. f4 Ra3 55. Kf3 Ra5 56. f5 gxf5 57. gxf5 h5 58.
Kf4 Rb5 59. Rc7 Rb1 60. Kg3 Rf1 61. Kh4 Rxf5 62. Rd7 1/2-1/2

[Event "TePe Sigeman Chess Tournament 2026"]
[Site "Elite Plaza Hotel, Gustav Adolfs Torg 49, Malmo, Sweden"]
[Date "2026.05.04"]
[Round "4.4"]
[White "Zhu, Jiner"]
[Black "Woodward, Andy"]
[Result "1-0"]
[TimeControl "90 minutes for 40 moves + 30 minutes for the rest of the game + 30 seconds per move from move one."]
[WhiteTitle "GM"]
[BlackTitle "GM"]
[WhiteFideId "8608059"]
[BlackFideId "30953499"]
[WhiteElo "2546"]
[BlackElo "2635"]

1. e4 c5 2. Nf3 d6 3. d4 cxd4 4. Nxd4 Nf6 5. Nc3 a6 6. Bd3 e5 7. Nde2 Nc6 8. O-O Be6 9. Kh1 Rc8 10. Nd5 Bxd5 11. exd5 Nb4 12.
Bf5 Rc7 13. Nc3 g6 14. Bh3 Rc4 15. f4 e4 16. a3 Rxc3 17. bxc3 Nbxd5 18. c4 Ne7 19. Rb1 Bg7 20. Rxb7 O-O 21.
Bb2 Nc6 22. Bxf6 Qxf6 23. Qd5 Nd8 24. Rb3 Re8 25. Re3 Qb2 26. Rxe4 Rxe4 27. Qxe4 Bf6 28. Qd3 a5 29. Qxd6 Kg7 30.
g4 h6 31. Bg2 Qc3 32. Qd3 Qb2 33. f5 g5 34. c5 Qe5 35. c6 Be7 36. Qe4 Qc5 37. Qxe7 1-0

[Event "TePe Sigeman Chess Tournament 2026"]
[Site "Elite Plaza Hotel, Gustav Adolfs Torg 49, Malmo, Sweden"]
[Date "2026.05.05"]
[Round "5.1"]
[White "Erigaisi, Arjun"]
[Black "Van Foreest, Jorden"]
[Result "1-0"]
[TimeControl "90 minutes for 40 moves + 30 minutes for the rest of the game + 30 seconds per move from move one."]
[WhiteTitle "GM"]
[BlackTitle "GM"]
[WhiteFideId "35009192"]
[BlackFideId "1039784"]
[WhiteElo "2751"]
[BlackElo "2735"]

1. d4 d5 2. c4 c6 3. Nf3 Nf6 4. Qb3 h6 5. Nc3 dxc4 6. Qxc4 Bf5 7. Ne5 e6 8. a4 Nbd7 9. Nxd7 Qxd7 10.
f3 a5 11. e4 Bh7 12. Bf4 Bb4 13. Be2 O-O 14. O-O Kh8 15. Rfd1 Ng8 16. Na2 Bd6 17. Bxd6 Qxd6 18. b4 axb4 19.
Qxb4 Qxb4 20. Nxb4 Rfd8 21. Kf2 f5 22. Ke3 fxe4 23. fxe4 Nf6 24. Bf3 g5 25. h3 e5 26. dxe5 Nd7 27.
e6 Nc5 28. e7 Re8 29. Rac1 Rxa4 30. Rd8 1-0

[Event "TePe Sigeman Chess Tournament 2026"]
[Site "Elite Plaza Hotel, Gustav Adolfs Torg 49, Malmo, Sweden"]
[Date "2026.05.05"]
[Round "5.2"]
[White "Grandelius, Nils"]
[Black "Abdusattorov, Nodirbek"]
[Result "1/2-1/2"]
[TimeControl "90 minutes for 40 moves + 30 minutes for the rest of the game + 30 seconds per move from move one."]
[WhiteTitle "GM"]
[BlackTitle "GM"]
[WhiteFideId "1710400"]
[BlackFideId "14204118"]
[WhiteElo "2662"]
[BlackElo "2780"]

1. d4 Nf6 2. c4 e6 3. Nc3 d5 4. Bg5 Be7 5. e3 h6 6. Bxf6 Bxf6 7. Nf3 O-O 8. Rc1 a6 9. Bd3 dxc4 10.
Bxc4 Nd7 11. Ne4 Be7 12. O-O b5 13. Bd3 Bb7 14. a4 Rc8 15. axb5 axb5 16. Qe2 c5 17. dxc5 Nxc5 18. Nxc5 Rxc5 19.
Rxc5 Bxc5 20. Bxb5 Bxf3 21. Qxf3 Qb6 22. Qc6 Rb8 23. Qxb6 Rxb6 24. Bd3 Rxb2 25. Rb1 Rxb1+ 26. Bxb1 Bd6 27.
Bc2 Bc5 28. Bb1 Bd6 29. Bc2 Bc5 1/2-1/2

[Event "TePe Sigeman Chess Tournament 2026"]
[Site "Elite Plaza Hotel, Gustav Adolfs Torg 49, Malmo, Sweden"]
[Date "2026.05.05"]
[Round "5.3"]
[White "Carlsen, Magnus"]
[Black "Zhu, Jiner"]
[Result "1-0"]
[TimeControl "90 minutes for 40 moves + 30 minutes for the rest of the game + 30 seconds per move from move one."]
[WhiteTitle "GM"]
[BlackTitle "GM"]
[WhiteFideId "1503014"]
[BlackFideId "8608059"]
[WhiteElo "2840"]
[BlackElo "2546"]

1. Nf3 d5 2. g3 Nf6 3. Bg2 c5 4. O-O g6 5. d3 Bg7 6. Nbd2 Nc6 7. e4 O-O 8. Re1 d4 9. e5 Nd5 10.
a4 h6 11. Nc4 Be6 12. Bd2 Nb6 13. b3 Nd5 14. Nh4 g5 15. Nf3 Qd7 16. h4 g4 17. Nh2 h5 18. Qc1 f6 19. Bh6 Rf7 20.
f3 Bh8 21. exf6 Bxf6 22. fxg4 hxg4 23. Bg5 Bh8 24. Nf1 Nc3 25. Nfd2 Bd5 26. Ne4 Bxe4 27. Bxe4 Raf8 28. Bh6 Qc7 29.
Qg5+ Rg7 30. Bxg7 Qxg3+ 31. Bg2 Bxg7 32. Kh1 Rf2 33. Rg1 e6 34. Raf1 Ne2 35. Rxf2 Qxf2 36. Ra1 Ng3+ 37. Kh2 Nf5 38.
Qxg4 Qxc2 39. Re1 Nd8 40. Re2 Qxd3 41. Be4 1-0

[Event "TePe Sigeman Chess Tournament 2026"]
[Site "Elite Plaza Hotel, Gustav Adolfs Torg 49, Malmo, Sweden"]
[Date "2026.05.05"]
[Round "5.4"]
[White "Woodward, Andy"]
[Black "Erdogmus, Yagiz Kaan"]
[Result "1/2-1/2"]
[TimeControl "90 minutes for 40 moves + 30 minutes for the rest of the game + 30 seconds per move from move one."]
[WhiteTitle "GM"]
[BlackTitle "GM"]
[WhiteFideId "30953499"]
[BlackFideId "44599790"]
[WhiteElo "2635"]
[BlackElo "2708"]

1. d4 e6 2. c4 b6 3. a3 Bb7 4. Nc3 Nf6 5. Nf3 Ne4 6. Nxe4 Bxe4 7. Bf4 Be7 8. e3 a5 9. h4 d6 10.
Bd3 Bxd3 11. Qxd3 Nd7 12. Rd1 O-O 13. Qc2 Qe8 14. e4 a4 15. e5 f5 16. exd6 Bxd6 17. Qc1 e5 18. dxe5 Nxe5 19.
Nxe5 Bxe5 20. O-O Bxf4 21. Qxf4 Qf7 22. Rfe1 Rad8 23. Rxd8 Rxd8 24. Re5 g6 25. c5 Re8 26. cxb6 cxb6 27. Rxe8+ Qxe8 28. Qc4+ Kf8 29. Qd4 b5 30.
Qh8+ Kf7 31. Qxh7+ Kf6 32. Kh2 Qe5+ 33. Kh3 Qc5 34. Qh8+ Kf7 35. f3 b4 36. axb4 Qxb4 37. Qe5 a3 38. bxa3 Qxa3 39. h5 Qc1 40. hxg6+ Kxg6 41. f4 Qc6 42.
Qh8 Qe6 43. Qh4 Qe4 44. Qg3+ Kh7 45. Kh2 Kh6 46. Qg5+ Kh7 47. Qh4+ Kg6 48. Kh3 Kg7 49. Qf2 Kg6 50. Qd2 Kh6 51.
Qd6+ Kh5 52. Kh2 Qa4 53. Qd2 Qe4 54. Qd1+ Kg6 55. Qd6+ Kh7 56. Qe5 Qc2 57. Qf6 Qe4 58. Qe5 Qc2 59.
Qe6 Kg7 60. Kh3 Qb1 61. Qd7+ Kg6 62. Qc6+ Kh5 63. Qe8+ Kh6 64. Kg3 Kg7 65. Qd7+ Kg6 66. Qc6+ Kh5 67. Qe8+ Kh6 68. Qe7 Kg6 69. Qe6+ Kg7 70. Kh2 Qc2 71.
Qd7+ Kg6 72. Qd6+ Kg7 73. Kh3 Qb1 74. Qe6 Kh7 75. Qf7+ Kh6 76. Qf6+ Kh7 77. Kh2 Qe4 78. Qh4+ Kg6 79.
Kh3 Qb1 80. Qg3+ Kh6 81. Qc3 Kg6 82. Kh4 Qh1+ 83. Qh3 Qa1 84. Qg3+ Kh7 85. Kh5 Qa6 86. Qg5 Qe2+ 87. Kh4 Qe1+ 88.
Kh3 Qh1+ 89. Kg3 Qe1+ 90. Kh2 Qb1 91. g3 Qa2+ 92. Kh3 Qe6 93. Qd8 Qh6+ 94. Kg2 Qc6+ 95. Kh2 Qh6+ 96. Kg1 Qe6 97.
Qc7+ Kg6 98. Qc3 Qe2 99. Qc6+ Kf7 100. Qd5+ Kf6 101. Qd6+ Kf7 102. Qd7+ Kf6 103. Qd6+ Kf7 104. Qd7+ 1/2-1/2